[gd_scene load_steps=6 format=2]

[ext_resource path="res://Assets/character/enemies - friends/spider/spider.png" type="Texture" id=1]
[ext_resource path="res://Assets/Fonts/Menu.tres" type="DynamicFont" id=2]
[ext_resource path="res://Assets/Fonts/offer1.tres" type="DynamicFont" id=3]
[ext_resource path="res://Scripts/Level2/Challenge1-NO.gd" type="Script" id=4]
[ext_resource path="res://Scripts/Level2/Challenge1-YES.gd" type="Script" id=5]

[node name="Control" type="Control"]
anchor_right = 1.0
anchor_bottom = 1.0
__meta__ = {
"_edit_use_anchors_": false
}

[node name="ColorRect" type="ColorRect" parent="."]
anchor_right = 1.0
anchor_bottom = 1.0
color = Color( 0.317647, 0.129412, 0.0313726, 1 )
__meta__ = {
"_edit_use_anchors_": false
}

[node name="Sprite" type="Sprite" parent="."]
position = Vector2( 202.656, 140.43 )
scale = Vector2( 3.58191, 3.87773 )
texture = ExtResource( 1 )

[node name="Label" type="Label" parent="."]
margin_left = 346.449
margin_top = 38.6812
margin_right = 952.449
margin_bottom = 245.681
custom_fonts/font = ExtResource( 2 )
text = "SPIDI
SI LABA-LABA"
__meta__ = {
"_edit_use_anchors_": false
}

[node name="Label2" type="Label" parent="."]
margin_left = 85.8169
margin_top = 260.682
margin_right = 942.817
margin_bottom = 437.682
custom_fonts/font = ExtResource( 3 )
text = "Ia meminta bantuanmu,
untuk mencari temannya
yang hilang.
Maukah kamu membantunya?"
__meta__ = {
"_edit_use_anchors_": false
}

[node name="IYA" type="Button" parent="."]
margin_left = 242.178
margin_top = 459.129
margin_right = 400.178
margin_bottom = 567.129
custom_fonts/font = ExtResource( 2 )
text = "IYA"
script = ExtResource( 5 )
__meta__ = {
"_edit_use_anchors_": false
}
scene_to_load = "AnswerYes2a"

[node name="TIDAK" type="Button" parent="."]
margin_left = 536.492
margin_top = 462.493
margin_right = 796.492
margin_bottom = 570.493
custom_fonts/font = ExtResource( 2 )
text = "TIDAK"
script = ExtResource( 4 )
__meta__ = {
"_edit_use_anchors_": false
}
scene_to_load = "Challenge2a"
[connection signal="pressed" from="IYA" to="IYA" method="_on_IYA_pressed"]
[connection signal="pressed" from="TIDAK" to="TIDAK" method="_on_TIDAK_pressed"]
